 Dungeon Crawl Stone Soup version 0.28.0 (webtiles) character file.

Game seed: 5042842834523611412

531314 GordonOverkill the Wrestler (level 25, -4/238 HPs)
             Began as a Ghoul Hedge Wizard on Feb 15, 2022.
             Was a High Priest of Okawaru.
             Slain by a green draconian monk (16 damage)
             ... in the Arena.
             The game lasted 03:23:29 (101492 turns).

GordonOverkill the Wrestler (Ghoul Hedge Wizard)  Turns: 101492, Time: 03:23:30

Health: -4/238     AC: 38    Str: 31    XL:     25   Next: 65%
Magic:  23/33      EV: 12    Int:  9    God:    Okawaru [*****.]
Gold:   1845       SH: 14    Dex:  8    Spells: 29/29 levels left

rFire   + + .      SeeInvis +     - Unarmed
rCold   + + +      Faith    +   q - +0 kite shield {rC+ rF+}
rNeg    + + +      Spirit   .   Y - +8 plate armour of Cavienux {Contam rF+ Str+5 SInv}
rPois   ∞          Reflect  .   I - +2 helmet "Cezoqeid" {Rampage rElec rC+ Stlth+}
rElec   +          Harm     .   h - +2 cloak {Will+}
rCorr   .          Rampage  +   (no gloves)
Will    ++++.                   v - +2 pair of boots
Stlth   ..........              z - amulet of faith
HPRegen 0.00/turn               C - ring of willpower
MPRegen 0.23/turn               P - ring of willpower

@: heroic, finesse-ful, inhibited regen, hasted, duelling, very quick
A: claws 1, cold resistance 1, negative energy resistance 3, inhibited
regeneration, torment resistance 2
}: 3/15 runes: decaying, silver, gossamer
a: Renounce Religion, Heroism, Finesse, Duel


You were in the Arena.
You worshipped Okawaru.
Okawaru was extremely pleased with you.
You visited 10 branches of the dungeon, and saw 46 of its levels.
You also visited: Ossuary, Bailey, Gauntlet, Ice Cave, Volcano and Wizlab.

You collected 5112 gold pieces.
You spent 3267 gold pieces at shops.

Inventory:

Missiles
 u - 22 boomerangs
 A - 18 curare-tipped darts
 F - 20 silver javelins
 J - 11 javelins (quivered)
 M - 13 silver boomerangs
 Z - a throwing net
Armour
 h - a +2 cloak of willpower (worn)
 q - a +0 kite shield of resistance (worn)
 v - a +2 pair of boots (worn)
 H - the +2 pair of gloves of Gestures {Int+3 Dex+2}
   (Okawaru gifted it to you on level 10 of the Dungeon)

   Int:       It affects your intelligence (+3).
   Dex:       It affects your dexterity (+2).
 I - the +2 helmet "Cezoqeid" (worn) {Rampage rElec rC+ Stlth+}
   (Okawaru gifted it to you on level 4 of the Swamp)

   rC:        It protects you from cold.
   rElec:     It insulates you from electricity.
   Rampage:   It bestows one free step when moving towards enemies.
   Stlth:     It makes you more stealthy.
 U - a scarf of invisibility
 Y - the +8 plate armour of Cavienux (worn) {Contam rF+ Str+5 SInv}
   (You took it off a vault guard on level 5 of the Vaults)

   Str:       It affects your strength (+5).
   rF:        It protects you from fire.
   SInv:      It lets you see invisible.
   Contam:    It causes magical contamination when unequipped.
Jewellery
 e - a +4 ring of evasion
 n - an amulet of the acrobat
 y - the ring "Deongim" {+Blink rElec rCorr Int-4}
   (You found it on level 9 of the Dungeon)

   [ring of resist corrosion]

   Int:       It affects your intelligence (-4).
   rElec:     It insulates you from electricity.
   +Blink:    It lets you blink.
   rCorr:     It protects you from acid and corrosion.
 z - an amulet of faith (around neck)
 C - a ring of willpower (left claw)
 P - a ring of willpower (right claw)
 W - the ring of Agoboz {rF+ rN+}
   (You took it off an ironbound preserver on level 5 of the Vaults)

   [ring of protection from fire]

   rF:        It protects you from fire.
   rN:        It protects you from negative energy.
Wands
 i - a wand of mindburst (6)
 m - a wand of flame (19)
 s - a wand of iceblast (20)
 t - a wand of polymorph (6)
 N - a wand of paralysis (17)
 Q - a wand of digging (35)
 S - a wand of acid (8)
Scrolls
 a - 12 scrolls of teleportation
 d - 2 scrolls of silence
 f - 6 scrolls of amnesia
 k - 8 scrolls of blinking
 l - a scroll of magic mapping
 w - 3 scrolls of vulnerability
 x - 4 scrolls of torment
 L - 25 scrolls of identify
 R - 4 scrolls of holy word
 V - 6 scrolls of fog
Potions
 b - 6 potions of might
 c - a potion of resistance
 g - 14 potions of brilliance
 j - 13 potions of flight
 o - 14 potions of curing
 B - 5 potions of magic
 G - 3 potions of heal wounds
 K - 7 potions of haste
 O - 8 potions of ambrosia
 T - a potion of cancellation
Miscellaneous
 p - a condenser vane
 D - a lightning rod (4/4)


   Skills:
 - Level 22.0(27) Fighting
 - Level 20.0(25.0) Throwing
 - Level 15.0(20.0) Armour
 - Level 10.0(15.0) Dodging
 - Level 2.1(7.1) Stealth
 - Level 15.0(20.0) Shields
 - Level 22.0(27) Unarmed Combat
 - Level 2.6 Spellcasting
 - Level 0.7 Conjurations
 - Level 0.8 Summonings
 - Level 0.8 Translocations
 - Level 15.0 Invocations
 + Level 6.1 Evocations


You had 29 spell levels left.
You didn't know any spells.
Your spell library contained the following spells:

 Spells                   Type           Power      Damage    Failure   Level
 Magic Dart               Conj           8%         1d3       77%         1
 Freeze                   Ice            4%         1d3       86%         1
 Pain                     Necr           4%         1d4       86%         1
 Sandblast                Erth           2%         2d4       86%         1
 Slow                     Hex            4%         N/A       86%         1
 Blink                    Tloc           4%         N/A       87%         2
 Searing Ray              Conj           4%         2d4       88%         2
 Corpse Rot               Necr/Air       2%         N/A       94%         2
 Ensorcelled Hibernation  Hex/Ice        2%         N/A       94%         2
 Passwall                 Tmut/Erth      0%         N/A       94%         2
 Lesser Beckoning         Tloc           2%         N/A       98%         3
 Confusing Touch          Hex            1%         N/A       99%         3
 Conjure Flame            Conj/Fire      1%         6-21      99%         3
 Frozen Ramparts          Ice            2%         1d2       99%         3
 Ignite Poison            Fire/Tmut/Pois 1%         N/A       99%         3
 Mephitic Cloud           Conj/Pois/Air  1%         N/A       99%         3
 Ozocubu's Armour         Ice            1%         N/A       99%         3
 Stone Arrow              Conj/Erth      2%         3d7       99%         3
 Swiftness                Air            1%         N/A       99%         3
 Vampiric Draining        Necr           1%         2d6       99%         3
 Dispel Undead            Necr           1%         3d6       100%        4
 Fulminant Prism          Conj/Hex       0%         3d6       100%        4
 Hailstorm                Conj/Ice       1%         3d3       100%        4
 Leda's Liquefaction      Hex/Erth       0%         N/A       100%        4
 Olgreb's Toxic Radiance  Pois           1%         N/A       100%        4
 Passage of Golubria      Tloc           2%         N/A       100%        4
 Agony                    Necr           1%         N/A       100%        5
 Excruciating Wounds      Necr           0%         N/A       100%        5
 Fireball                 Conj/Fire      0%         3d3       100%        5
 Freezing Cloud           Conj/Ice/Air   0%         6-21      100%        5
 Iskenderun's Battlesphe  Conj           2%         2d6       100%        5
 Lee's Rapid Deconstruct  Erth           0%         3d5*      100%        5
 Manifold Assault         Tloc           2%         N/A       100%        5
 Yara's Violent Unravell  Hex/Tmut       0%         3d3       100%        5
 Conjure Ball Lightning   Conj/Air       0%         3x3d6     100%        6
 Dispersal                Tloc           1%         N/A       100%        6
 Starburst                Conj/Fire      0%         6d3       100%        6
 Enfeeble                 Hex            0%         N/A       100%        7
 Orb of Destruction       Conj           1%         9d5       100%        7
 Ozocubu's Refrigeration  Ice            0%         4d5       100%        7
 Discord                  Hex            0%         N/A       100%        8
 Disjunction              Tloc           1%         N/A       100%        8
 Ignition                 Fire           0%         3d3       100%        8
 Lehudib's Crystal Spear  Conj/Erth      0%         10d2      100%        8
 Maxwell's Capacitive Co  Air            0%         ∞         100%        8
 Call Imp                 Summ           Unusable   N/A       N/A         2
 Sublimation of Blood     Necr           Unusable   N/A       N/A         2
 Wereblood                Tmut           Unusable   N/A       N/A         2
 Tukima's Dance           Hex            Unusable   N/A       N/A         3
 Animate Armour           Summ/Erth      Unusable   N/A       N/A         4
 Summon Lightning Spire   Summ/Air       Unusable   N/A       N/A         4
 Death Channel            Necr           Unusable   N/A       N/A         6
 Statue Form              Tmut/Erth      Unusable   N/A       N/A         6
 Storm Form               Tmut/Air       Unusable   N/A       N/A         7
 Summon Hydra             Summ           Unusable   N/A       N/A         7

Dungeon Overview and Level Annotations

Branches:
Dungeon (15/15)            Temple (1/1) D:6            Lair (6/6) D:10
  Swamp (4/4) Lair:2       Spider (4/4) Lair:4        Slime (0/5) Lair:6
    Orc (2/2) D:11            Elf (1/3) Orc:2        Vaults (5/5) D:13
  Crypt (0/3) Vaults:3     Depths (4/4) D:15            Zot (4/5) Depths:4
Ossuary (visited)          Bailey (visited)           IceCv (visited)
Volcano (visited)          WizLab (visited)         Gauntlet (visited)

Altars:
Ashenzari
Cheibriados
Dithmenos
Elyvilon
Fedhas
Gozag
Hepliaklqana
Kikubaaqudgha
Makhleb
Nemelex Xobeh
Okawaru
Qazlal
Ru
Sif Muna
Trog
Uskayaw
Vehumet
Wu Jian
Xom
Yredelemnul
Zin
The Shining One
Jiyva

Shops:
D:3 [?==   D:9 [   D:12 *   D:15 !   Orc:2 (:[*   Vaults:2 (   Vaults:4 *
Depths:2 ?

Portals:
Hell: Depths:1 Depths:2 Depths:3 Depths:4
Abyss: Depths:1 Depths:3
Pandemonium: Depths:2 Depths:4
Ziggurat: Depths:2
Trove: Vaults:2 (show abyssal rune of Zot)

Annotations:
D:6 1 runed translucent door, mistmaker's ghost, novice TeAE
Swamp:2 1 runed translucent door, popps's ghost, adept MiBe
Vaults:3 exclusion: orange crystal statue
Vaults:5 Mennas
Depths:4 1 runed translucent door, Majang's ghost, veteran GnDe


Innate Abilities, Weirdness & Mutations

You thrive by killing the living.
You are immune to poison.
You have sharp fingernails.
Your flesh is cold resistant. (rC+)
You are immune to negative energy. (rN+++)
You do not regenerate when monsters are visible.
You are immune to unholy pain and torment.


Message History

You miss the green draconian monk. The green draconian monk hits you!
* * * LOW HITPOINT WARNING * * *
The green draconian monk kicks you but does no damage.
The green draconian monk closely misses you.
You block the green draconian monk's attack.
Unknown command.
You mangle the green draconian monk!!
The green draconian monk is lightly wounded.
You eviscerate the green draconian monk!!!
The green draconian monk is moderately wounded.
The green draconian monk closely misses you.
The green draconian monk kicks you!
* * * LOW HITPOINT WARNING * * *
The green draconian monk tail-slaps you but does no damage.
You block the green draconian monk's attack.
You eviscerate the green draconian monk!!!
The green draconian monk is severely wounded.
You barely miss the green draconian monk.
The green draconian monk is severely wounded.
The green draconian monk hits you but does no damage.
The green draconian monk kicks you!
* * * LOW HITPOINT WARNING * * *
The green draconian monk tail-slaps you but does no damage. x2
You miss the green draconian monk.
The green draconian monk is severely wounded.
You scratch the green draconian monk but do no damage.
The green draconian monk is severely wounded.
The green draconian monk hits you!
* * * LOW HITPOINT WARNING * * *
The green draconian monk barely misses you.
The green draconian monk tail-slaps you but does no damage.
You block the green draconian monk's attack.
You feel much better. The green draconian monk hits you!!!
* * * LOW HITPOINT WARNING * * *
The green draconian monk kicks you!!
* * * LOW HITPOINT WARNING * * *
The green draconian monk tail-slaps you but does no damage.
The green draconian monk tail-slaps you!
You die...
Okawaru crowns the green draconian monk victorious!

#########
##..▓▓▓..##
##.p▓▓.▓▓p.##
##.p▓▓...▓▓p.##
#.p▓▓.....▓▓p.#
#.▓▓.......▓▓.#
#▓▓.........▓.#
#∩▓...q@....▓#
#▓▓.........▓.#
#.▓▓.......▓▓.#
#.p▓▓.....▓▓p.#
##.p▓▓...▓▓p.##
##.p▓▓.▓▓p.##
##..▓▓▓..##
#########


You could see a green draconian monk (berserk).

Vanquished Creatures
  An orb of fire (Arena)
  2 ancient liches (Vaults:5)
  Boris (thrice) (Depths:1 Depths:2 Depths:3)
  Xtahua (Arena)
  3 curse toes
  10 golden dragons
  Jory (Vaults:4)
  Arachne (Arena)
  3 electric golems
  Jorgrun (Spider:3)
  20 tentacled monstrosities
  3 liches
  4 quicksilver dragons
  An acid blob (Spider:4)
  8 death cobs
  A deep elf blademaster (Depths:2)
  7 titans (Vaults:5)
  Frances (Spider:1)
  6 sphinxes
  9 tengu reavers
  12 shadow dragons
  16 storm dragons
  6 draconian monks
  3 thorn hunters
  8 fire giants
  6 frost giants
  5 draconian knights
  8 emperor scorpions
  12 vault wardens
  Aizul (Vaults:3)
  8 draconian scorchers
  2 ghost moths (Zot:3)
  4 orc warlords
  5 draconian stormcallers
  15 ironbound preservers
  5 draconian shifters
  A broodmother (Spider:3)
  2 ghouls (Swamp:3)
  A reaper (IceCv)
  4 draconian annihilators
  4 war gargoyles
  An angel (WizLab)
  12 ironbound thunderhulks
  3 vampire knights
  8 green draconians
  21 stone giants
  7 eleionomae
  49 very ugly things
  Azrael (D:14)
  Nessos (Lair:5)
  8 black draconians
  7 dire elephants
  8 purple draconians
  14 white draconians
  10 entropy weavers
  3 spark wasps (Spider:4)
  8 yellow draconians
  8 red draconians
  3 bunyips
  3 crystal guardians (WizLab)
  10 ettins
  2 deep elf death magi (Vaults:5)
  A merfolk javelineer (Depths:2)
  13 yaktaur captains
  6 shambling mangroves (Swamp:4)
  3 deep elf high priests (Vaults:5)
  2 rakshasas
  7 great orbs of eyes
  A salamander tyrant (WizLab)
  3 fire dragons
  32 vault guards
  10 boulder beetles
  A caustic shrike simulacrum (IceCv)
  4 ice dragons
  20 hydras
  7 peacekeepers (WizLab)
  2 catoblepae (Lair:6)
  12 alligators
  5 ironbound frosthearts
  4 ogre magi
  A jorogumo (Spider:2)
  4 spriggan air magi
  2 death knights
  A hydra (shapeshifter) (Depths:2)
  3 radroaches
  9 centaur warriors
  10 two-headed ogres
  27 death yaks
  A deep troll earth mage (Vaults:5)
  8 deep troll shamans
  6 tengu warriors
  2 spriggan berserkers
  3 orc high priests (Orc:2)
  A soul eater (Depths:2)
  14 hell knights
  3 skeletal warriors
  6 spriggans
  6 iron trolls
  A sun moth (Spider:2)
  3 goliath frogs
  2 pharaoh ants
  2 flayed ghosts
  A glowing orange brain (Depths:2)
  5 spriggan druids
  8 orb spiders
  A bog body (Swamp:4)
  48 deep trolls
  2 deep elf archers (Depths:2)
  3 spectral hydras (Swamp:4)
  A shadow demon (Depths:4)
  8 swamp dragons
  10 steelbarb worms
  2 spriggan simulacra (IceCv)
  6 lindwurms
  7 orc knights
  Pikel (D:7)
  5 wizards
  An obsidian statue (IceCv)
  A stone giant zombie (Vaults:1)
  19 ironbound convokers
  5 phantasmal warriors
  4 harpies
  5 orc sorcerers
  6 will-o-the-wisps
  2 deep elf pyromancers (D:15)
  8 necromancers
  A wolf spider (shapeshifter) (Vaults:5)
  61 ugly things
  2 oklob plants
  A faun (shapeshifter) (Depths:4)
  7 salamanders
  35 moths of wrath
  17 wolf spiders
  3 cyclopes
  8 elephants
  2 manticores (D:14)
  A black mamba (shapeshifter) (Depths:3)
  15 vault sentinels
  5 black mambas
  A frost giant skeleton (Vaults:1)
  13 cane toads
  3 molten gargoyles (WizLab)
  4 torpor snails
  2 orange demons (Depths:4)
  5 gargoyles (WizLab)
  Maggie (D:7)
  3 unseen horrors
  A human zombie (Vaults:1)
  5 komodo dragons
  24 yaktaurs
  8 demonic crawlers
  An unseen horror (shapeshifter) (D:13)
  14 freezing wraiths
  4 rime drakes
  2 efreet
  A hellion (Depths:2)
  5 ice devils
  4 red devils (Depths:2)
  2 entropy weaver simulacra (IceCv)
  A hellwing (Depths:4)
  An anaconda simulacrum (IceCv)
  6 tengu conjurers
  A meliai (shapeshifter) (Vaults:5)
  6 trolls
  A polar bear (Lair:4)
  15 meliai
  2 death drake zombies (Swamp:4)
  3 hydra zombies (Swamp:4)
  A wind drake (shapeshifter) (D:15)
  A bloated husk (Swamp:1)
  7 tyrant leeches
  11 hornets
  14 tarantellas
  11 blink frogs
  38 slime creatures
  2 hydra skeletons (Swamp:4)
  Prince Ribbit (D:5)
  7 dream sheep (Lair:6)
  16 jumping spiders
  A centaur simulacrum (D:14)
  12 culicivoras
  8 water elementals
  3 wraiths
  A dire elephant simulacrum (IceCv)
  A culicivora (shapeshifter) (Vaults:5)
  Sigmund (D:2)
  3 fire elementals
  64 yaks
  4 wyverns
  2 chaos spawn (Depths:2)
  2 fire bats (Volcano)
  14 vampire mosquitoes
  31 redbacks
  7 basilisks
  A steam dragon (D:7)
  2 neqoxecs
  A minotaur simulacrum (IceCv)
  Menkaure (D:5)
  19 swamp worms
  7 wargs
  10 acid dragons
  3 hydra simulacra (Swamp:4)
  Duvessa (D:5)
  7 hell hounds
  13 water moccasins
  A floating eye (Depths:2)
  42 orc warriors
  A sky beast (D:6)
  4 black bears
  4 swamp drakes
  An alligator simulacrum (IceCv)
  3 necrophages
  9 ogres
  3 swamp dragon zombies (Swamp:4)
  2 ice beasts
  6 wolves (Lair:6)
  11 centaurs
  2 lemures (D:7)
  10 kobold brigands
  A phantom (D:5)
  2 elf zombies
  10 bullfrogs
  Blork the orc (D:5)
  A wyvern zombie (D:6)
  A gnoll sergeant (D:11)
  A scorpion (D:6)
  2 deep troll simulacra (IceCv)
  Dowan (D:5)
  A ballistomycete (Swamp:4)
  A lindwurm simulacrum (IceCv)
  8 killer bees
  2 howler monkeys
  An electric eel (Lair:3)
  A bullfrog zombie (D:6)
  A centaur zombie (D:9)
  2 jellies
  15 orc priests
  Crazy Yiuf (D:7)
  Jessica (D:2)
  Terence (D:2)
  An iguana (D:4)
  2 lightning spires (WizLab)
  20 orc wizards
  3 mummies
  2 howler monkey zombies
  7 gnolls
  4 adders
  A howler monkey skeleton (D:7)
  2 shadow imps
  5 white imps
  4 adder zombies (Ossuary)
  4 worms
  4 dart slugs
  77 orcs
  6 endoplasms
  7 giant cockroaches
  6 goblins
  5 hobgoblins
  3 quokkas
  9 ball pythons
  3 frilled lizards (D:1)
  2 goblin zombies (Ossuary)
  9 hobgoblin zombies
  3 jackal zombies (Ossuary)
  29 kobolds
  14 kobold zombies
  7 orc zombies (Ossuary)
  A rat (D:1)
  A rat zombie (Ossuary)
1828 creatures vanquished.

Vanquished Creatures (others)
  A fire giant (Depths:3)
  A vault guard (Vaults:5)
  An ice dragon (Depths:1)
  A wizard (Depths:1)
  3 bloated husks
  A swamp worm (Swamp:4)
  An orc wizard (Orc:2)
  An orc (Orc:2)
  4 ballistomycete spores (Swamp:4)
  4 bushes
  2 demonic plants (Gauntlet)
  44 foxfires
  32 fungi
  87 plants
183 creatures vanquished.

Grand Total: 2011 creatures vanquished

Notes
Turn   | Place    | Note
-------+----------+-------------------------------------------
     0 | D:1      | GordonOverkill the Ghoul Hedge Wizard began the quest for
                  | the Orb.
     0 | D:1      | Reached XP level 1. HP: 14/14 MP: 3/3
   300 | D:1      | Reached skill level 1 in Unarmed Combat
   336 | D:1      | Reached XP level 2. HP: 22/22 MP: 4/4
   369 | D:1      | Reached skill level 1 in Fighting
   816 | D:1      | Reached XP level 3. HP: 21/28 MP: 0/6
  2214 | D:2      | Noticed Sigmund
  2455 | D:2      | Killed Sigmund
  2456 | D:2      | Reached skill level 1 in Throwing
  2456 | D:2      | Reached skill level 1 in Evocations
  2456 | D:2      | Reached XP level 4. HP: 23/37 MP: 7/7
  2456 | D:2      | Reached XP level 5. HP: 26/42 MP: 8/8
  2799 | D:2      | Noticed Jessica
  2803 | D:2      | Killed Jessica
  2804 | D:2      | Reached XP level 6. HP: 50/50 MP: 9/9
  2852 | D:2      | Noticed Terence
  2863 | D:2      | Killed Terence
  3710 | D:3      | Found Ales's Jewellery Shoppe.
  3756 | D:3      | You fall into a shaft and drop 3 floors!
  3768 | D:5      | Entered Level 5 of the Dungeon
  3838 | D:5      | Noticed Blork the orc
  3840 | D:5      | Noticed an ice beast
  3841 | D:5      | Killed Blork the orc
  3843 | D:5      | Killed an ice beast
  3844 | D:5      | Reached skill level 5 in Unarmed Combat
  3844 | D:5      | Reached XP level 7. HP: 57/57 MP: 10/10
  3848 | D:5      | Noticed a two-headed ogre
  4006 | D:5      | Noticed Duvessa
  4006 | D:5      | Noticed Dowan
  4359 | D:5      | Found a sand-covered staircase.
  4365 | Ossuary  | Entered an ossuary
  4875 | D:5      | Reached XP level 8. HP: 29/67 MP: 11/11
  5231 | D:3      | Found Xoanoud's Jewellery Boutique.
  5360 | D:3      | Found Zileimpi's Magic Scroll Shoppe.
  5366 | D:3      | Bought a scroll of blinking for 105 gold pieces
  5366 | D:3      | Bought a scroll of magic mapping for 49 gold pieces
  5532 | D:3      | Found Tepsup's Armour Shoppe.
  5549 | D:3      | Found a faded altar of an unknown god.
  7175 | D:5      | Reached skill level 5 in Fighting
  7312 | D:5      | Noticed Menkaure
  7318 | D:5      | Killed Menkaure
  7709 | D:6      | Found a runed translucent door.
  7714 | D:6      | Noticed mistmaker's ghost (novice TeAE)
  8369 | D:6      | Reached XP level 9. HP: 62/74 MP: 12/12
  8552 | D:6      | Found a stormy altar of Qazlal.
  8572 | D:6      | Reached skill level 10 in Unarmed Combat
  8658 | D:6      | Found a staircase to the Ecumenical Temple.
  8735 | Temple   | Entered the Ecumenical Temple
  8948 | Temple   | Became a worshipper of Warmaster Okawaru
  9345 | D:7      | Reached skill level 1 in Invocations
  9418 | D:7      | Found a runed translucent door.
  9419 | D:7      | Noticed Crazy Yiuf
  9452 | D:7      | Reached skill level 1 in Armour
 10207 | D:7      | Noticed Maggie
 10273 | D:7      | Noticed Pikel
 10451 | D:7      | Killed Crazy Yiuf
 10582 | D:8      | Reached * piety under Okawaru
 11553 | D:7      | Killed Maggie
 12059 | D:7      | Killed Pikel
 12059 | D:7      | Reached ** piety under Okawaru
 12060 | D:7      | Reached XP level 10. HP: 40/84 MP: 13/13
 12821 | D:5      | Killed Duvessa
 12826 | D:5      | Killed Dowan
 13024 | D:5      | Killed a two-headed ogre
 13025 | D:5      | Reached skill level 5 in Invocations
 13319 | D:5      | Noticed Prince Ribbit
 13326 | D:5      | Killed Prince Ribbit
 13813 | D:3      | Bought a +0 pair of boots for 63 gold pieces
 14417 | D:9      | Found Tovvaonai's Antique Armour Shoppe.
 14425 | D:9      | Bought a helmet for 117 gold pieces
 14786 | D:8      | Reached *** piety under Okawaru
 15400 | D:9      | Identified the ring "Deongim" {+Blink rElec rCorr Int-4}
 15618 | D:9      | Reached skill level 5 in Armour
 15800 | D:10     | Entered Level 10 of the Dungeon
 15823 | D:10     | Noticed a two-headed ogre
 15852 | D:10     | Killed a two-headed ogre
 15853 | D:10     | Reached XP level 11. HP: 22/94 MP: 14/14
 16165 | D:10     | Found a flagged portal.
 16171 | Bailey   | Entered a bailey
 16361 | Bailey   | Reached **** piety under Okawaru
 16606 | Bailey   | Found an iron altar of Okawaru.
 16885 | D:10     | Reached ***** piety under Okawaru
 17245 | D:10     | Found a staircase to the Lair.
 17641 | D:11     | Found a staircase to the Orcish Mines.
 17983 | D:10     | Identified the +2 pair of gloves of Gestures {Int+3 Dex+2}
                  | (Okawaru gifted it to you on level 10 of the Dungeon)
 17983 | D:10     | Received a gift from Okawaru
 18697 | D:11     | Noticed a two-headed ogre
 18733 | D:11     | Killed a two-headed ogre
 19252 | Lair:1   | Entered Level 1 of the Lair of Beasts
 19830 | Lair:1   | Reached skill level 5 in Evocations
 20122 | Lair:1   | Noticed a four-headed hydra
 20129 | Lair:1   | Killed a four-headed hydra
 20130 | Lair:1   | Reached skill level 5 in Throwing
 20130 | Lair:1   | Reached XP level 12. HP: 106/106 MP: 13/16
 20422 | Lair:1   | Reached skill level 10 in Fighting
 21184 | Lair:2   | Found a gate leading to a gauntlet.
 21426 | Gauntlet | Entered a Gauntlet
 21426 | Gauntlet | Noticed a hell hog
 21426 | Gauntlet | Found a transporter.
 21426 | Gauntlet | Found a transporter.
 21426 | Gauntlet | Found a transporter.
 21446 | Gauntlet | Found a transporter.
 21456 | Gauntlet | Found a transporter.
 21477 | Gauntlet | Found a transporter.
 21481 | Gauntlet | Noticed an ettin
 21481 | Gauntlet | a merfolk changed into an ettin
 21483 | Gauntlet | Found a transporter.
 21491 | Gauntlet | Found a transporter.
 21509 | Gauntlet | Found a transporter.
 21517 | Gauntlet | Found a transporter.
 21535 | Gauntlet | Found a transporter.
 21558 | Gauntlet | Found a transporter.
 21569 | Gauntlet | Noticed a quicksilver ooze
 21717 | Lair:2   | Noticed an eight-headed hydra
 21724 | Lair:2   | Killed an eight-headed hydra
 21724 | Lair:2   | Received a gift from Okawaru
 21776 | Lair:2   | Reached skill level 15 in Unarmed Combat
 22086 | Lair:2   | Found a staircase to the Swamp.
 22437 | Lair:3   | Received a gift from Okawaru
 22958 | Lair:3   | Found a dark tunnel.
 22971 | Volcano  | Entered a volcano
 23028 | Volcano  | Received a gift from Okawaru
 23203 | Volcano  | Reached XP level 13. HP: 69/114 MP: 16/18
 24240 | Lair:4   | Found a hole to the Spider Nest.
 24722 | Lair:4   | Received a gift from Okawaru
 26173 | Lair:5   | Noticed Nessos
 26183 | Lair:5   | Killed Nessos
 27231 | Lair:6   | Entered Level 6 of the Lair of Beasts
 27304 | Lair:6   | Received a gift from Okawaru
 27478 | Lair:6   | Reached skill level 10 in Invocations
 27485 | Lair:6   | Reached XP level 14. HP: 103/126 MP: 20/20
 27686 | Lair:5   | Identified the +1 troll leather armour of a bailey {rPois
                  | Regen+ Int+3} (Okawaru gifted it to you on level 5 of the
                  | Lair of Beasts)
 27686 | Lair:5   | Received a gift from Okawaru
 28697 | Lair:6   | Found a viscous altar of Jiyva.
 28697 | Lair:6   | Found a staircase to the Slime Pits.
 29473 | Lair:6   | Reached ****** piety under Okawaru
 30084 | Lair:6   | Identified the +1 leather armour of Responsibility {Will+}
 30476 | D:3      | Bought a scroll of acquirement for 728 gold pieces
 30476 | D:3      | Bought a scroll of blinking for 105 gold pieces
 30476 | D:3      | Bought a scroll of teleportation for 42 gold pieces
 30476 | D:3      | Acquired a +1 kite shield of reflection
 31128 | D:12     | Received a gift from Okawaru
 31129 | D:12     | Reached skill level 1 in Shields
 31584 | D:12     | Reached XP level 15. HP: 126/134 MP: 21/21
 31969 | D:12     | Paralysed by an ogre mage for 6 turns
 32165 | D:12     | Found Hojoff's General Store.
 32176 | D:12     | Bought a potion of heal wounds for 90 gold pieces
 32227 | D:12     | Received a gift from Okawaru
 33379 | D:13     | Got Lom Lobon's Grimoire of Poisonous Conjuration
 33595 | D:13     | Found a gate to the Vaults.
 33843 | D:12     | Received a gift from Okawaru
 34985 | D:14     | Noticed Azrael
 35005 | D:14     | Killed Azrael
 35487 | D:15     | Entered Level 15 of the Dungeon
 35796 | D:15     | Found a frozen archway.
 35807 | IceCv    | Entered an ice cave
 35934 | IceCv    | Reached skill level 5 in Shields
 36425 | IceCv    | Identified the +1 chain mail of Haurgheot {Str+4 Stlth+}
                  | (Okawaru gifted it to you in an ice cave)
 36425 | IceCv    | Received a gift from Okawaru
 37651 | D:15     | Reached XP level 16. HP: 47/146 MP: 22/22
 38868 | D:15     | Found Isovo's Distillery.
 39222 | D:15     | Found a staircase to the Depths.
 40500 | Orc:1    | Entered Level 1 of the Orcish Mines
 40666 | Orc:2    | Entered Level 2 of the Orcish Mines
 40666 | Orc:2    | Found a staircase to the Elven Halls.
 41899 | Orc:1    | Found a shimmering altar of Xom.
 43623 | Orc:2    | Reached skill level 5 in Dodging
 43926 | Orc:2    | Found Zuesk's General Store.
 43927 | Orc:2    | Found Pilas's Book Emporium.
 43929 | Orc:2    | Found Tanevimm's Antique Armour Emporium.
 43929 | Orc:2    | Found Qiwonn's Antique Weapon Shoppe.
 43944 | Orc:2    | Bought a condenser vane for 480 gold pieces
 44163 | D:3      | Bought an amulet of faith for 400 gold pieces
 44374 | Swamp:1  | Entered Level 1 of the Swamp
 46177 | Swamp:2  | Identified the +6 hunting sling of Wutoi {vorpal, rF+ Str-5
                  | Dex+9} (Okawaru gifted it to you on level 2 of the Swamp)
 46177 | Swamp:2  | Received a gift from Okawaru
 46782 | Swamp:2  | Found a runed translucent door.
 46784 | Swamp:2  | Noticed popps's ghost (adept MiBe)
 48159 | Arena    | Entered the Arena
 48194 | Swamp:3  | Reached XP level 17. HP: 66/152 MP: 23/23
 48584 | Swamp:3  | Received a gift from Okawaru
 49317 | Swamp:4  | Entered Level 4 of the Swamp
 49324 | Swamp:4  | Received a gift from Okawaru
 49345 | Swamp:4  | Identified the +2 helmet "Cezoqeid" {Rampage rElec rC+
                  | Stlth+} (Okawaru gifted it to you on level 4 of the Swamp)
 49345 | Swamp:4  | Received a gift from Okawaru
 49365 | Swamp:4  | Reached skill level 10 in Shields
 52097 | Swamp:4  | Reached skill level 10 in Armour
 52125 | Swamp:4  | Found a basalt altar of Yredelemnul.
 52423 | Swamp:4  | Got a decaying rune of Zot
 52438 | Arena    | Entered the Arena
 52595 | Swamp:4  | Received a gift from Okawaru
 53210 | Arena    | Entered the Arena
 53212 | Arena    | Received a gift from Okawaru
 54549 | Swamp:4  | Found a blossoming altar of Fedhas.
 55118 | Spider:1 | Entered Level 1 of the Spider Nest
 55619 | Spider:1 | Noticed Frances
 56068 | Vaults:1 | Entered Level 1 of the Vaults
 56189 | Vaults:1 | Reached XP level 18. HP: 139/160 MP: 24/24
 56279 | Vaults:1 | Received a gift from Okawaru
 56578 | Vaults:1 | Reached skill level 10 in Dodging
 56994 | Vaults:1 | Received a gift from Okawaru
 58259 | Vaults:1 | Reached skill level 15 in Fighting
 58275 | Vaults:1 | Received a gift from Okawaru
 58971 | Vaults:1 | Received a gift from Okawaru
 59388 | Vaults:2 | Found a portal to a secret trove of treasure.
 59799 | Vaults:2 | Received a gift from Okawaru
 60556 | Vaults:2 | Found Gafa's Antique Weapon Shoppe.
 60655 | Vaults:2 | Received a gift from Okawaru
 60656 | Vaults:2 | Reached XP level 19. HP: 155/171 MP: 25/25
 61123 | Vaults:2 | Found the +6 lightning scales {swift, rElec}
 62026 | Vaults:2 | Received a gift from Okawaru
 63083 | Vaults:2 | Found a portal to a secret trove of treasure.
 63231 | Vaults:2 | Found Gafa's Antique Weapon Shoppe.
 63562 | Vaults:3 | Received a gift from Okawaru
 63928 | Vaults:3 | Noticed Aizul
 63945 | Vaults:3 | Killed Aizul
 63946 | Vaults:3 | Reached skill level 10 in Throwing
 64737 | Vaults:2 | Received a gift from Okawaru
 65109 | Arena    | Entered the Arena
 65129 | Arena    | Entered the Arena
 65151 | Arena    | Entered the Arena
 66011 | Vaults:3 | Received a gift from Okawaru
 66422 | Vaults:3 | Noticed Xtahua
 66422 | Vaults:3 | Paralysed by Xtahua for 5 turns
 66427 | Arena    | Entered the Arena
 66441 | Arena    | Killed Xtahua
 67103 | Vaults:3 | Received a gift from Okawaru
 67945 | Vaults:3 | Found a staircase to the Crypt.
 68580 | Vaults:3 | Received a gift from Okawaru
 68938 | Vaults:3 | Found a staircase to the Crypt.
 69048 | Vaults:3 | Reached skill level 15 in Shields
 69585 | Vaults:4 | Reached XP level 20. HP: 187/187 MP: 26/26
 69903 | Vaults:4 | Received a gift from Okawaru
 70407 | Vaults:4 | Noticed Jory
 70424 | Vaults:4 | Killed Jory
 70774 | Vaults:4 | Identified the +5 chain mail of Joy {rElec rF++ Regen+
                  | Stlth-}
 71384 | Vaults:4 | Received a gift from Okawaru
 71933 | Vaults:4 | Found Nuzxeim's Assorted Antiques.
 71940 | Vaults:4 | Bought a scroll of blinking for 240 gold pieces
 71940 | Vaults:4 | Bought a scroll of blinking for 240 gold pieces
 71940 | Vaults:4 | Bought a potion of curing for 96 gold pieces
 72534 | Spider:1 | Killed Frances
 73821 | Spider:2 | Received a gift from Okawaru
 74226 | Spider:2 | Identified the +9 lajatang of Podwudewn {freeze, rPois}
                  | (Okawaru gifted it to you on level 2 of the Spider Nest)
 74226 | Spider:2 | Received a gift from Okawaru
 75017 | Spider:3 | Noticed Jorgrun
 75026 | Spider:3 | Killed Jorgrun
 75738 | Spider:4 | Entered Level 4 of the Spider Nest
 76214 | Spider:4 | Noticed Arachne
 76220 | Arena    | Entered the Arena
 76233 | Arena    | Killed Arachne
 76764 | Spider:4 | Received a gift from Okawaru
 76765 | Spider:4 | Reached XP level 21. HP: 159/200 MP: 27/27
 77202 | Spider:4 | Received a gift from Okawaru
 77612 | Spider:4 | Received a gift from Okawaru
 77967 | Spider:4 | Got a gossamer rune of Zot
 78081 | Spider:4 | Identified the +0 morningstar of Tumult {flame, Will-
                  | Dex+7}
 78320 | Elf:1    | Entered Level 1 of the Elven Halls
 78321 | Elf:1    | Paralysed by an air elemental for 1 turns
 78399 | Depths:1 | Entered Level 1 of the Depths
 78521 | D:15     | Received a gift from Okawaru
 78601 | Depths:1 | Found a gateway to Hell.
 78775 | Depths:1 | Identified the +8 longbow "Qupuuc" {speed, rC+ rN+}
                  | (Okawaru gifted it to you on level 1 of the Depths)
 78775 | Depths:1 | Received a gift from Okawaru
 78963 | Depths:1 | Found a sparkling altar of Nemelex Xobeh.
 78963 | Depths:1 | Noticed Boris
 78973 | Depths:1 | Killed Boris
 79058 | Depths:1 | Found a magical portal.
 79061 | WizLab   | Entered Maxwell's Workshop
 79515 | WizLab   | Reached skill level 15 in Throwing
 79855 | WizLab   | Identified the ring "Milet" {Ice Dex+4}
 79920 | WizLab   | Identified the +7 chain mail of Privacy {+Inv rElec rPois
                  | Str-2} (Okawaru gifted it to you in a wizard's laboratory)
 79920 | WizLab   | Received a gift from Okawaru
 80301 | WizLab   | Identified the ring "Teusch Zisun" {Ice Int+6}
 80304 | WizLab   | Identified the ring "Gifa" {Ice Will+ Int+5}
 80988 | Depths:1 | Found a one-way gate to the infinite horrors of the Abyss.
 82241 | Depths:2 | Found Tarorit's Magic Scroll Boutique.
 82244 | Depths:2 | Noticed a golden dragon
 82391 | Depths:2 | Killed a golden dragon
 82626 | Depths:2 | Bought a scroll of teleportation for 54 gold pieces
 82626 | Depths:2 | Bought a scroll of teleportation for 54 gold pieces
 82626 | Depths:2 | Bought a scroll of teleportation for 54 gold pieces
 83063 | Depths:2 | Found a one-way gate leading to the halls of Pandemonium.
 83242 | Depths:2 | Noticed Boris
 83277 | Depths:2 | Killed Boris
 83278 | Depths:2 | Reached XP level 22. HP: 155/211 MP: 22/28
 83604 | Depths:2 | Identified the +1 chain mail of the Moon {Dex+2}
 83623 | Depths:2 | Found an iron altar of Okawaru.
 83659 | Arena    | Entered the Arena
 84129 | Depths:2 | Found a one-way gateway to a ziggurat.
 84713 | Depths:3 | Received a gift from Okawaru
 84854 | Depths:3 | Received a gift from Okawaru
 84995 | Depths:3 | Noticed Boris
 85006 | Depths:3 | Killed Boris
 85308 | Depths:3 | Noticed a golden dragon
 85329 | Depths:3 | Killed a golden dragon
 85589 | Depths:3 | Received a gift from Okawaru
 85912 | Depths:3 | Received a gift from Okawaru
 86198 | Depths:3 | Paralysed by a sphinx for 3 turns
 87437 | Depths:4 | Entered Level 4 of the Depths
 87552 | Depths:3 | Received a gift from Okawaru
 87969 | Depths:4 | Received a gift from Okawaru
 88057 | Depths:4 | Found a gate to the Realm of Zot.
 88456 | Depths:4 | Identified the +11 great mace "Ziborch" {spect, rN+ Stlth+}
 88634 | Depths:4 | Reached XP level 23. HP: 191/222 MP: 29/29
 88673 | Depths:4 | Received a gift from Okawaru
 89270 | Depths:4 | Found a runed translucent door.
 89272 | Depths:4 | Found a shimmering altar of Xom.
 89272 | Depths:4 | Noticed Majang's ghost (veteran GnDe)
 90208 | D:3      | Bought a ring of willpower for 350 gold pieces
 90559 | Vaults:5 | Entered Level 5 of the Vaults
 90560 | Vaults:5 | Noticed Mennas
 90702 | Vaults:5 | Identified the +8 plate armour of Cavienux {Contam rF+
                  | Str+5 SInv}
 90720 | Vaults:5 | Identified the ring of Agoboz {rF+ rN+}
 90727 | Vaults:5 | Identified the +6 lajatang of Soisemn {flame, rElec rPois
                  | rC+++ Int-4}
 90947 | Vaults:5 | Identified the +7 mace "Puxiecap" {vorpal, *Slow Will-
                  | Str+2 Dex+8}
 90975 | Vaults:5 | Received a gift from Okawaru
 91444 | Vaults:5 | Reached skill level 15 in Armour
 91521 | Vaults:5 | Noticed an ancient lich
 91523 | Vaults:5 | Noticed a golden dragon
 91529 | Vaults:5 | Killed a golden dragon
 91540 | Vaults:5 | Killed an ancient lich
 91790 | Vaults:5 | Identified the +6 war axe of Karma {spect, rC+ Str+2}
                  | (Okawaru gifted it to you on level 5 of the Vaults)
 91790 | Vaults:5 | Received a gift from Okawaru
 91882 | Vaults:5 | Noticed a golden dragon
 91895 | Vaults:5 | Killed a golden dragon
 92198 | Vaults:5 | Noticed an ancient lich
 92206 | Vaults:5 | Killed an ancient lich
 92282 | Vaults:5 | Reached XP level 24. HP: 219/231 MP: 30/30
 92561 | Vaults:5 | Got a silver rune of Zot
 92874 | Zot:1    | Entered Level 1 of the Realm of Zot
 92883 | Zot:1    | Identified the -5 pair of boots of Ocaashra {Int+4 Dex+3}
                  | (Okawaru gifted it to you on level 1 of the Realm of Zot)
 92883 | Zot:1    | Received a gift from Okawaru
 94418 | Arena    | Entered the Arena
 94745 | Zot:2    | Received a gift from Okawaru
 95129 | Zot:2    | Received a gift from Okawaru
 96259 | Zot:3    | Received a gift from Okawaru
 96465 | Zot:2    | Reached skill level 15 in Invocations
 97222 | Zot:3    | Reached XP level 25. HP: 231/238 MP: 33/33
 97760 | Zot:3    | Identified the +4 plate armour of the Cockatrice {rPois rC+
                  | Will+++ MP-9}
 97913 | Zot:3    | Received a gift from Okawaru
 98310 | Zot:3    | Received a gift from Okawaru
 98967 | Zot:3    | Received a gift from Okawaru
100176 | Zot:4    | Noticed an orb of fire
100187 | Arena    | Entered the Arena
100199 | Arena    | Killed an orb of fire
100985 | Zot:3    | Received a gift from Okawaru
101474 | Arena    | Entered the Arena
101492 | Arena    | Slain by a green draconian monk

Illustrated notes

Levels and vault maps discovered:
D:1:      ncdulo_halloftheorcs, layout_rooms
D:2:      layout_basic, dk_noncrumbling_3, minivault_27, uniq_terence,
          uniq_jessica, uniq_sigmund
D:3:      layout_basic, serial_shops, nicolae_square_shop, shop, shop,
          nicolae_shop_stone, shapermc_ecumenical_altar_acropolis
D:4:      layout_loops_cross, kennysheep_decorative_pillar
D:5:      layout_basic, nicolae_ossuary_entry_plus, uniq_menkaure,
          uniq_blork_the_orc, uniq_prince_ribbit1, uniq_duvessa
D:6:      layout_basic, mainiacjoe_overflow_cross_hatched, temple_hall,
          ebering_ghost_reflecting_pool, serial_park_tiny_pond,
          minmay_mini_ossuary
D:7:      layout_gridville, hex_large, uniq_pikel, uniq_maggie,
          uniq_crazy_yiuf_cottage
D:8:      layout_rooms
D:9:      layout_stronghold, serial_shops, nicolae_square_shop
D:10:     layout_loops_cross, minmay_lair_entry_grove, enter_bailey_3
D:11:     layout_loops_ring, david_orc_3, ebering_dispersal_statue_hall
D:12:     layout_cave_pools, serial_shops, shop, hangedman_decor_peaks_small
D:13:     layout_irregular_city, erik_vaults_2, nicolae_underground_beach
D:14:     layout_cave_pools, uniq_azrael
D:15:     hangedman_depths_entry_try_elsewhere_first, layout_rooms,
          portal_ice_cave_entry_pillars_2, serial_shops,
          nicolae_shop_statue_plus
Temple:   mainiacjoe_temple_archimedes_tessellation
Lair:1:   layout_big_grid, serial_bayou_shore_b
Lair:2:   layout_gridlike, swamp_mist, gauntlet_entry_generic
Lair:3:   layout_gridlike, enter_volcano_3
Lair:4:   layout_cave_pods, dummy_spider_entry, chequers_serial_rivers_micro_e,
          lemuel_fruit_tree
Lair:5:   layout_roguey, nicolae_lair_grove_arrangements, uniq_nessos
Lair:6:   grunt_lair_end_beastmaster, layout_gridlike, slime_altar_1
Swamp:1:  layout_basic_swamp, nicolae_swamp_big_swirl, swamp_pool2
Swamp:2:  layout_falls_marsh, ebering_ghost_inner_flame, serial_swamp_ruin,
          evilmike_swamp_ruin_house_1, evilmike_swamp_ruin_rubble_1
Swamp:3:  layout_basic_swamp, evilmike_swamp_ruin_house_6
Swamp:4:  byrel_swamp_growth_death_and_undeath, layout_basic_swamp, swamp_pool1,
          nicolae_swamp_baby_hydras
Spider:1: layout_cave_pods, uniq_frances
Spider:2: layout_spider_delve
Spider:3: layout_spider_delve, uniq_jorgrun
Spider:4: hellmonk_spider_rune_bug_friends, nicolae_spider_acid_house,
          uniq_arachne
Orc:1:    layout_caves, basic_altar, nicolae_orc_flooded_monolith,
          nicolae_orc_sculptors_studio
Orc:2:    st_orc_congregation, layout_caves
Elf:1:    layout_rooms, special_room [special_room_orc], minmay_elf_demonology,
          minmay_misc_feat_rows, uniq_louise
Vaults:1: vaults_room_large_hall, nicolae_vaults_know_your_exits,
          vaults_mumra_hexcomb, nicolae_vaults_circle_grid_a,
          vaults_room_corners, ontoclasm_vaults_pinch, vaults_room_grid,
          serial_ice_b, layout_vaults_chaotic_city
Vaults:2: v_rooms_1, v_misc_28, hangedman_vaults_restitches, v_pattern_4,
          ontoclasm_vaults_spin, v_alt_pattern_6, ontoclasm_vaults_ring_small,
          v_misc_8, ontoclasm_vaults_ligature, vaults_room_pools,
          nicolae_vaults_diagonal_hallway_9, hangedman_vaults_corner_blocks,
          vaults_room_pool, st_check, layout_vaults_big_cross, serial_shops,
          nicolae_square_shop, enter_trove_6
Vaults:3: blue_anna_dwarven_crypt, nicolae_vaults_network_barrier,
          nicolae_vaults_little_squares_3, vaults_room_hallway,
          dpeg_vaults_monster_box, hangedman_vaults_restitches,
          grunt_vaults_bifocal, v_misc_19, v_misc_23, v_misc_13,
          nicolae_vaults_arrows, v_misc_23, vaults_standard_mumra_x,
          nicolae_vaults_big_angled_halls, nicolae_vaults_statue_guard,
          layout_vaults_omnibox, uniq_margery, uniq_aizul, uniq_xtahua
Vaults:4: ontoclasm_vaults_ring_small, ontoclasm_vaults_tryst, vaults_mumra_lcd,
          hangedman_vaults_impose, nicolae_vaults_asterisk,
          nicolae_vaults_little_ls, v_pattern_3, v_misc_3,
          layout_vaults_omnigrid, serial_shops, nicolae_shop_statue_plus,
          uniq_jory
Vaults:5: serial_shops, uniq_mennas
Depths:1: layout_cave_pools, abyss_entry_small_statue_room,
          grunt_hell_entry_dis_grunt, mu_enter_wizlab_7,
          nemelex_lonely_heart_becter, nicolae_tso_carved_into_rock
Depths:2: evilmike_iron_armoury, layout_gridlike, enter_ziggurat_b,
          serial_shops, nicolae_shop_temple_entry_statues_fountains, hell_entry,
          grunt_pan_entry_zigzag, kennysheep_flooded_box,
          infiniplex_staircase_zigzag_5, serial_bayou_shore_a
Depths:3: cheibrodos_birdhouse, layout_basic, pf_coc_iceberg,
          patterned_corridor, abyss_entry, minmay_staircase_windowed_large
Depths:4: grunt_zot_entry_tricorne, layout_gridville, rand_demon_pan_entry_1,
          hell_entry, ebering_ghost_xom, hangedman_abyss_or_decor_slice,
          grunt_megastairs_5
Zot:1:    layout_cathedral_of_symmetry, skrybe_zot_glass_2
Zot:2:    kennysheep_room_grid, layout_onion
Zot:3:    nicolae_zot_stationary_front, layout_cathedral_of_symmetry,
          zot_minivault_4, grunt_megastairs_1
Zot:4:    layout_onion, grunt_megastairs_3
Arena

Skill      XL: |  1  2  3  4  5  6  7  8  9 10 11 12 13 14 15 16 17 18 19 20 21 22 23 24 25 |
---------------+----------------------------------------------------------------------------+-----
Unarmed Combat | 1 2 3 4 5 6 9 11 12 13 15 16 18 19 20 21 22 | 22.0
Fighting       | 1 2 3 4 5 6 8 9 10 12 14 15 17 19 20 21 22 | 22.0
Throwing       | 1 2 3 5 7 8 9 10 12 15 17 20 | 20.0
Evocations     | 1 2 3 5 6 |  6.1
Invocations    | 4 5 7 8 10 11 15 | 15.0
Armour         | 3 5 6 7 8 10 12 15 | 15.0
Dodging        | 4 6 9 10 | 10.0
Shields        | 1 6 9 11 13 15 | 15.0
Stealth        | |  2.1
Spellcasting   | |  2.6
Conjurations   | |  0.7
Summonings     | |  0.8
Translocations | |  0.8

Action                   |  1- 3 |  4- 6 |  7- 9 | 10-12 | 13-15 | 16-18 | 19-21 | 22-24 | 25-27 || total
-------------------------+-------+-------+-------+-------+-------+-------+-------+-------+-------++-------
Melee: Unarmed           |    76 |    35 |   524 |   724 |  1152 |  1860 |  1679 |  1439 |   327 ||  7816
       Punch             |     2 |     1 |    22 |    59 |    87 |       |       |       |       ||   171
Throw: Dart              |       |       |    28 |    13 |     5 |       |       |       |       ||    46
       Boomerang         |       |       |     7 |    34 |    12 |    76 |   381 |   423 |    83 ||  1016
       Javelin           |       |       |       |       |       |    25 |    35 |    47 |    33 ||   140
       Throwing net      |       |       |       |       |       |       |     2 |     1 |       ||     3
 Cast: Magic Dart        |    48 |       |       |       |       |       |       |       |       ||    48
Invok: Heroism           |       |       |       |     7 |    36 |    39 |    47 |    43 |     9 ||   181
       Finesse           |       |       |       |       |     4 |     7 |     9 |     3 |     3 ||    26
       Duel              |       |       |       |       |       |     3 |     5 |     2 |     2 ||    12
Evoke: Wand              |     6 |     9 |    20 |    16 |    19 |    25 |     9 |     2 |     2 ||   108
       Lightning rod     |       |       |       |     4 |     3 |    16 |     2 |       |       ||    25
       Condenser vane    |       |       |       |       |       |     3 |     3 |     3 |     1 ||    10
  Use: Scroll            |       |     4 |     9 |    13 |    10 |     8 |     6 |     4 |     3 ||    57
       Potion            |       |       |     4 |     1 |     4 |     5 |     6 |     4 |     8 ||    32
 Stab: Paralysed         |    16 |     9 |     5 |       |     7 |     2 |     1 |       |       ||    40
       Sleeping          |     1 |       |       |     1 |       |       |       |       |       ||     2
       Petrified         |       |       |       |       |     4 |       |       |       |       ||     4
       Distracted        |       |       |       |       |       |     1 |     2 |       |     1 ||     4
       Confused          |       |       |       |       |       |       |     3 |       |       ||     3
       Held in net/web   |       |       |       |       |       |       |     2 |     1 |       ||     3
       Invisible         |       |       |       |       |       |       |       |     1 |     5 ||     6
Armor: Robe              |     7 |     4 |       |    23 |       |       |       |       |       ||    34
       Chain mail        |       |       |   214 |     6 |       |       |       |       |       ||   220
       Plate armour      |       |       |       |    54 |   649 |  1137 |   661 |   500 |   226 ||  3227
       Ring mail         |       |       |       |   205 |     2 |       |       |       |       ||   207
Dodge: Dodged            |    42 |    13 |   122 |   350 |   238 |   429 |   388 |   307 |   126 ||  2015
Block: Kite shield       |       |       |       |       |   229 |   961 |   833 |   526 |   164 ||  2713
       Reflection        |       |       |       |       |    11 |    32 |    29 |    10 |       ||    82
